 Dungeon Crawl Stone Soup version 0.28.0-45-g0d030f2227 (webtiles) character file.

Game seed: 3321181241075686748

121 zeratav the Insei (level 5, -2/35 HPs)
             Began as an Octopode Transmuter on Apr 6, 2022.
             Killed from afar by an orc wizard (8 damage)
             ... with a magic dart
             ... on level 4 of the Dungeon on Apr 7, 2022.
             The game lasted 00:07:21 (2565 turns).

zeratav the Insei (Octopode Transmuter)             Turns: 2565, Time: 00:07:22

Health: -2/35      AC:  1    Str: 11    XL:     5   Next: 5%
Magic:  8/8        EV: 13    Int: 16    God:
Gold:   115        SH:  0    Dex: 12    Spells: 7/8 levels left

rFire   + . .      SeeInvis .   b - +3 dagger
rCold   . . .      Faith    .   (no shield)
rNeg    . . .      Spirit   .   (helmet restricted)
rPois   .          Reflect  .   d - amulet of regeneration
rElec   .          Harm     .   k - ring of protection from fire
rCorr   +          Rampage  .   m - ring of resist corrosion
Will    .....                   (no ring)
Stlth   ++........              (no ring)
HPRegen 0.91/turn               (no ring)
MPRegen 0.11/turn               (no ring)
                                (no ring)
                                (no ring)

@: no status effects
A: almost no armour, amphibious, 8 rings, camouflage 1, gelatinous body 1,
(nimble swimmer 1), tentacles
a: no special abilities


You were on level 4 of the Dungeon.
You visited 1 branch of the dungeon, and saw 4 of its levels.

You collected 115 gold pieces.

Inventory:

Hand Weapons
 b - a +3 dagger (weapon)
 g - a +2 falchion of distortion
Jewellery
 d - an amulet of regeneration (around mantle)
 k - a ring of protection from fire (left tentacle)
 m - a ring of resist corrosion (right tentacle)
Scrolls
 a - 4 scrolls of identify {unknown}
 c - 2 scrolls of fog {unknown}
 j - a scroll of noise {unknown}
 l - a scroll of blinking {unknown}
Potions
 e - a potion of curing {unknown}
 f - a potion of berserk rage {unknown}
 h - a potion of lignification {unknown}
 i - a potion of brilliance {unknown}


   Skills:
 * Level 2.7 Fighting
 + Level 2.6 Dodging
 * Level 4.0 Unarmed Combat
 - Level 2.0 Spellcasting
 + Level 2.7 Transmutations


You had 7 spell levels left.
You knew the following spells:

 Your Spells              Type           Power      Damage    Failure   Level
a - Beastly Appendage     Tmut           20%        N/A       7%          1

Your spell library contained the following spells:

 Spells                   Type           Power      Damage    Failure   Level
 Wereblood                Tmut           10%        N/A       11%         2
 Spider Form              Tmut/Pois      5%         N/A       34%         3
 Gell's Gravitas          Tloc           1%         N/A       52%         3
 Lesser Beckoning         Tloc           1%         N/A       52%         3
 Teleport Other           Tloc           1%         N/A       52%         3
 Ice Form                 Ice/Tmut       5%         N/A       75%         4


Dungeon Overview and Level Annotations

Branches:
Dungeon (4/15)
 Temple: D:4-7

Altars:
Hepliaklqana

Shops:
D:1 [   D:3 *


Innate Abilities, Weirdness & Mutations

You cannot wear most types of armour.
You are amphibious.
You can wear up to eight rings at the same time.
Your skin changes colour to match your surroundings (Stealth+).
Your rubbery body absorbs attacks. (AC +1, EV +1)
((You are camouflaged when in or above water. (Stealth+)))
You have tentacles for arms and can constrict up to eight enemies at once.


Message History

Something tries to affect you, but you resist.
You closely miss the orc wizard. Your grab misses the orc wizard.
The orc wizard gestures at you while chanting.
You are confused.
You bump into the rock wall.
Your tentacle spike disappears.
You're too confused to move!
The orc wizard hits you with a +0 dagger.
You closely miss the orc wizard. Your squeeze misses the orc wizard.
Something hits you.
The orc wizard gestures at you while chanting.
The magic dart hits you.
You closely miss the orc wizard.
You hear some strange, mumbled words.
Something tries to affect you, but you resist.
The orc wizard casts a spell at you. The magic dart hits you!
You bump into the rock wall.
You feel less confused. Something hits you.
The orc wizard hits you with a +0 dagger.
* * * LOW HITPOINT WARNING * * *
The orc wizard points at you and mumbles some strange words.
You resist with some effort.
You hit the orc wizard but do no damage.
You grab the orc wizard.
You constrict the orc wizard, but do no damage.
Something hits you.
* * * LOW HITPOINT WARNING * * *
The orc wizard misses you.
You hit the orc wizard. You squeeze the orc wizard.
The orc wizard is heavily wounded.
You constrict the orc wizard.
You hear some strange, mumbled words.
A puff of flame appears from out of thin air!
The puff of flame hits you. You resist.
* * * LOW HITPOINT WARNING * * *
The orc wizard gestures at you while chanting.
The magic dart hits you!
You die...

.######.###......<#
###.###.......#
#.....#.......#
#.[...##.....##
##.....#
#.....###...##
......# ##.####
##### #.....# ##.#
#....o# #..#
#..o..# ##@##
#..?..# #o{#
#....o###o###
#.....##....#
##.....##....#
#.......o†.....#
###########....#
#....# ######


You could see an orc wizard and an orc.

Vanquished Creatures
  A hound (D:4)
  An adder (D:2)
  3 worms (D:2)
  3 orcs (D:3)
  13 ball pythons
  6 endoplasms
  4 giant cockroaches
  10 hobgoblins
  3 quokkas
  6 bats
  3 frilled lizards
  4 goblins
  5 kobolds
  4 rats
66 creatures vanquished.

Notes
Turn   | Place    | Note
-------+----------+-------------------------------------------
     0 | D:1      | zeratav the Octopode Transmuter began the quest for the
                  | Orb.
     0 | D:1      | Reached XP level 1. HP: 13/13 MP: 3/3
   223 | D:1      | Noticed a shining eye
   225 | D:1      | Found a faded altar of an unknown god.
   228 | D:1      | Reached XP level 2. HP: 16/18 MP: 5/5
   229 | D:1      | Noticed a golden eye
   230 | D:1      | Noticed a golden eye
   230 | D:1      | Noticed a great orb of eyes
   437 | D:1      | Found Vioseah's Antique Armour Shoppe.
  1337 | D:2      | Reached XP level 3. HP: 18/24 MP: 6/6
  1491 | D:2      | Reached XP level 4. HP: 19/29 MP: 7/7
  1981 | D:3      | Found a faded altar of an unknown god.
  1981 | D:3      | Found a hazy altar of Hepliaklqana.
  1981 | D:3      | Found a faded altar of an unknown god.
  2055 | D:3      | Found Koxemp's Assorted Antiques.
  2552 | D:4      | Reached skill level 4 in Unarmed Combat
  2552 | D:4      | Reached XP level 5. HP: 33/35 MP: 6/8
  2565 | D:4      | Killed from afar by an orc wizard

Illustrated notes

Levels and vault maps discovered:
D:1:      arrival_zaba_pyramid, layout_basic, serial_shops, shop,
          hellmonk_ecumenical_altar_watching_god, st_stairs_8,
          grunt_decor_resistance, corexii_hall_statues_l,
          minmay_misc_feat_secret_circle
D:2:      layout_rooms, serial_glass, glass_columns_b, glass_columns_b,
          due_unseen_surprise
D:3:      layout_basic, nicolae_hepliaklqana_ecumenical_no_more, serial_shops,
          nicolae_shop_competitors_out_of_business
D:4:      layout_rooms, minmay_temple_entry_fiery

Skill      XL: |  1  2  3  4 |
---------------+-------------+-----
Fighting       | 2 |  2.7
Unarmed Combat | 4 |  4.0
Dodging        | |  2.6
Spellcasting   | |  2.0
Transmutations | |  2.7

Action                   |  1- 3 |  4- 6 || total
-------------------------+-------+-------++-------
Melee: Unarmed           |    16 |       ||    16
       Constrict         |    19 |    16 ||    35
       Tentacles         |    13 |    13 ||    26
       Kick              |     5 |     2 ||     7
       Punch             |     3 |     3 ||     6
       Dagger            |    53 |    76 ||   129
 Cast: Beastly Appendage |     9 |     3 ||    12
 Stab: Sleeping          |     5 |     2 ||     7
Armor: Skin              |     5 |     7 ||    12
Dodge: Dodged            |    36 |    48 ||    84
